Description

The timing are random but the build order is on point

VOD

https://youtu.be/3NIpQt5kzTU?si=73dWMlNM9A2kCJ3I

Build Order

Get SALT Encoding   

  14  10:01  Pylon  
  16  10:02  Gateway  scout with the probe after build it
  17  10:04  Assimilator  
  20  10:07  Nexus  
  20  10:09  Cybernetics Core  
  21  10:11  Assimilator  
  22  10:12  Pylon  
  22  10:13  Stalker  Core finishes → Stalker + Warpgate + chrono both
  22  10:14  Robotics Facility  
  22  10:15  Observer  
  22  10:16  Immortal  
  33  10:17  Gateway  
  33  10:18  Pylon  
  33  10:19  Probe  @15 workers on natural take 3rd/4th gas
  50  10:20  Robotics Facility  
  50  10:21  Robotics Bay  
  50  10:22  Colossus x2  
  50  10:24  Twilight Council  
  50  10:25  Forge  
  50  10:26  Gateway x5  
  50  10:31  Templar Archives  
  50  10:32  Warp Prism  
  50  10:33  Archon x3  
Spawning Tool Build Advisor. Get it on Overwolf

Go to:

Details

  • Created by: PiccioHub
  • Published on: Jul 04, 2024
  • Modified on: Jul 05, 2024
  • Patch: 5.0.11
  • Difficulty: Easy
Show
View Real Time Build Order
Export as new Build Order

Comments (0)

There are no comments. Be the first!

Create an account to comment!